 Dungeon Crawl Stone Soup version 0.25.1-2-g60ff931df9 (webtiles) character file.

Game seed: 7032554833939593697

1236 Almogavar the Cleaver (level 8, -7/70 HPs)
             Began as a Hill Orc Fighter on Sept 19, 2020.
             Mangled by a kobold
             ... wielding a +1 dagger of electrocution
              (17 damage)
             ... on level 4 of the Dungeon.
             The game lasted 00:11:24 (4914 turns).

Almogavar the Cleaver (Hill Orc Fighter)            Turns: 4914, Time: 00:11:27

Health: -7/70      AC: 10    Str: 21    XL:     8   Next: 49%
Magic:  8/8        EV:  6    Int:  8    God:
Gold:   81         SH: 10    Dex: 10    Spells: 7/7 levels left

rFire    . . .     SeeInvis .   a - +0 war axe
rCold    . . .     Gourm    .   c - +0 kite shield
rNeg     . . .     Faith    .   u - +0 chain mail
rPois    .         Spirit   .   (no helmet)
rElec    .         Reflect  .   (no cloak)
rCorr    .         Harm     .   (no gloves)
MR       .....                  (no boots)
Stlth    ..........             (no amulet)
HPRegen  0.21/turn              (no ring)
MPRegen  0.11/turn              (no ring)

@: mighty, lethally poisoned (-7 -> -9)
A: no striking features
a: no special abilities


You were on level 4 of the Dungeon.
You were not hungry.

You visited 1 branch of the dungeon, and saw 4 of its levels.

You collected 81 gold pieces.

Inventory:

Hand Weapons
 a - a +0 war axe (weapon)
 m - a +1 vorpal spear
Armour
 c - a +0 kite shield (worn)
 q - a +2 leather armour of magic resistance
 u - a +0 chain mail (worn)
Wands
 s - a wand of polymorph (1)
Scrolls
 b - a scroll of enchant armour {unknown}
 g - a scroll of fear {unknown}
 i - 2 scrolls of remove curse
 r - a scroll of amnesia {unknown}
Potions
 d - a potion of might
 e - a potion of stabbing
 h - 2 potions of lignification
 j - 2 potions of ambrosia {unknown}
 k - a potion of degeneration {unknown}
 l - a potion of brilliance {unknown}
 o - 2 potions of curing {unknown}
 p - a potion of magic {unknown}
Comestibles
 f - 7 rations


   Skills:
 + Level 6.0 Fighting
 + Level 8.5 Axes
 + Level 6.1 Armour
 + Level 1.4 Dodging
 + Level 5.6 Shields


You had 7 spell levels left.
You didn't know any spells.
Your spell library was empty.

Dungeon Overview and Level Annotations

Branches:
Dungeon (4/15)
 Temple: D:4-7

Altars:
Dithmenos
Elyvilon
Nemelex Xobeh

Shops:
D:4 =

Annotations:
D:4 Elvor's ghost, novice HOFi


Message History

* * * LOW HITPOINT WARNING * * *
Unknown command.
You hit Elvor's ghost.
Elvor's ghost is severely damaged.
You completely miss the kobold. You hit the kobold but do no damage.
You feel sick. You block the kobold's attack. The kobold barely misses you.
You block Elvor's ghost's attack. The kobold barely misses you.
You slash Elvor's ghost!
Elvor's ghost is almost destroyed.
You slash the kobold!
You kill the kobold!
You closely miss the kobold. The kobold hits you but does no damage.
You block Elvor's ghost's attack.
Your shield and chain mail prevent you from hitting Elvor's ghost.
Elvor's ghost is almost destroyed.
You slash the kobold!
You kill the kobold!
You barely miss the kobold. You block Elvor's ghost's attack.
The kobold hits you but does no damage.
You are electrocuted!
You die...

......# ......# .....##
#### ......# #..#####
......## #.##.⌠.#
..(....# #.#.#.#.#
.......# ##.'..#...
.....>.# #.)K.....)
.....#.# #)@W..#K
.......########..#.#.#.
.................##.⌠.#
.##.##.#####......#####
.#.................#
.#...#.######......#
.....#..# ########
###..#..##
###..#...#######


You could see Elvor's ghost and a kobold.

Vanquished Creatures
  Sigmund (D:4)
  Duvessa (D:4)
  A phantom (D:4)
  An ogre (D:4)
  A bullfrog (D:4)
  Dowan (D:4)
  5 wights (D:4)
  6 orc wizards
  Jessica (D:2)
  An iguana (D:4)
  Natasha (thrice) (D:3)
  A worker ant (D:4)
  6 adders
  2 oozes (D:4)
  A worm (D:3)
  A dart slug (D:1)
  2 leopard geckos
  12 orcs
  10 bats
  A giant cockroach (D:4)
  2 goblins (D:1)
  9 hobgoblins
  11 jackals
  3 quokkas
  3 ball pythons
  3 frilled lizards
  A jackal skeleton (D:4)
  17 kobolds
  A quokka skeleton (D:2)
  8 rats
116 creatures vanquished.

Notes
Turn   | Place    | Note
-------+----------+-------------------------------------------
     0 | D:1      | Almogavar the Hill Orc Fighter began the quest for the Orb.
     0 | D:1      | Reached XP level 1. HP: 19/19 MP: 1/1
   191 | D:1      | Reached XP level 2. HP: 21/27 MP: 2/2
   447 | D:1      | Reached skill level 3 in Axes
   462 | D:1      | Reached XP level 3. HP: 32/33 MP: 3/3
   978 | D:2      | Found a white marble altar of Elyvilon.
   980 | D:2      | Found a shadowy altar of Dithmenos.
  1014 | D:2      | Found a sparkling altar of Nemelex Xobeh.
  1137 | D:2      | Noticed Jessica
  1149 | D:2      | Killed Jessica
  1149 | D:2      | Reached XP level 4. HP: 28/40 MP: 4/4
  2010 | D:3      | Reached skill level 4 in Axes
  2137 | D:3      | Reached XP level 5. HP: 40/46 MP: 5/5
  2336 | D:3      | Noticed Natasha
  2343 | D:3      | Killed Natasha
  2600 | D:3      | Noticed Natasha
  2608 | D:3      | Killed Natasha
  2608 | D:3      | Reached skill level 5 in Axes
  2918 | D:3      | Noticed Natasha
  2926 | D:3      | Killed Natasha
  2926 | D:3      | Reached XP level 6. HP: 50/53 MP: 6/6
  3336 | D:4      | Noticed Sigmund
  3354 | D:4      | Killed Sigmund
  3354 | D:4      | Reached skill level 6 in Axes
  3354 | D:4      | Reached skill level 1 in Dodging
  3354 | D:4      | Reached XP level 7. HP: 23/60 MP: 7/7
  3558 | D:4      | Noticed Duvessa
  3566 | D:4      | Noticed Dowan
  3571 | D:4      | Killed Duvessa
  3571 | D:4      | Reached skill level 5 in Fighting
  3571 | D:4      | Reached skill level 5 in Armour
  3571 | D:4      | Reached skill level 5 in Shields
  3580 | D:4      | Killed Dowan
  3691 | D:4      | Found Ganumm's Jewellery Boutique.
  3719 | D:4      | Reached skill level 7 in Axes
  3951 | D:4      | Reached XP level 8. HP: 51/69 MP: 8/8
  4500 | D:4      | Reached skill level 8 in Axes
  4893 | D:4      | Found a runed translucent gate.
  4893 | D:4      | Found a runed translucent gate.
  4895 | D:4      | Found a runed translucent gate.
  4895 | D:4      | Noticed Elvor's ghost (novice HOFi)
  4908 | D:4      | HP: 1/70 [kobold/+2 dagger of distortion (18)]
  4914 | D:4      | Mangled by a kobold

Illustrated notes

Levels and vault maps discovered:
D:1:      nzn_arrival_depleted_hourglass, layout_basic, minmay_tiny_reverse_x
D:2:      layout_basic, nemelex_xobeh_ov_fountains_minmay,
          chequers_temple_overflow_statue_of_worship, first_ration,
          kennysheep_jessica_study
D:3:      layout_basic, uniq_natasha
D:4:      layout_rooms, gammafunk_ghost_nasty_kobolds, serial_shops,
          kennysheep_little_box, grunt_decor_mini_mirrors, uniq_sigmund,
          uniq_duvessa

Skill      XL: |  1  2  3  4  5  6  7  8 |
---------------+-------------------------+-----
Axes           | 3 4 5 6 7 8 |  8.5
Fighting       | 4 5 6 |  6.0
Shields        | 4 5 |  5.6
Armour         | 4 5 6 |  6.1
Dodging        | 1 |  1.4

Action                   |  1- 3 |  4- 6 |  7- 9 || total
-------------------------+-------+-------+-------++-------
Melee: War axe           |   100 |   207 |   143 ||   450
  Use: Scroll            |     3 |     2 |       ||     5
       Potion            |       |       |     2 ||     2
  Eat: Chunk             |     1 |     7 |     2 ||    10
       Ration            |       |       |     1 ||     1
Armor: Scale mail        |    49 |    84 |       ||   133
       Chain mail        |       |       |    53 ||    53
       Skin              |       |       |     3 ||     3
Dodge: Dodged            |    35 |    47 |    27 ||   109
Block: Kite shield       |    66 |    86 |    64 ||   216
